Description

This replay comes from a Tournament: Clem vs SKillous.

This build order is the standard Marauder Opening into 3 rax stim. This build order is really strong against every kind of opening. The early push can instantly kill an unprepared Protoss.

VOD

https://youtu.be/5GmrT_LCu-g

Replay - LiquidClem v SKillous - Nightshade LE

Build Order

Get SALT Encoding   

  12  0:00  SCV  
  13  0:13  SCV  
  14  0:16  Supply Depot  
  14  0:25  SCV  
  15  0:38  SCV  
  15  0:39  Barracks  
  16  0:44  Refinery  
  16  0:50  SCV  
  17  1:02  SCV  
  18  1:14  SCV  
  19  1:25  Marine  
  19  1:26  Orbital Command  
  20  1:39  Command Center  
  20  1:47  Barracks Tech Lab  
  20  1:51  Supply Depot  
  20  1:55  SCV  
  21  2:06  Concussive Shells, Marauder  
  23  2:12  SCV  
  24  2:16  Barracks  
  24  2:24  SCV  
  24  2:28  Marauder  
  28  2:37  Barracks  
  28  2:50  Stimpack  
  29  2:53  Orbital Command  
  29  2:54  Marine  
  30  3:04  Barracks Reactor  
  31  3:12  Marine  
  34  3:26  Marine x2  
  38  3:39  Engineering Bay, Supply Depot  
  37  3:42  Marine x3  
  37  3:48  Marine  
  43  3:59  Marine  
  47  4:05  Refinery x2, Supply Depot  
  49  4:12  Missile Turret  
  50  4:20  Factory, Barracks Tech Lab  
  53  4:24  Supply Depot  
  53  4:27  Marauder  
  62  4:48  Refinery  
Spawning Tool Build Advisor. Get it on Overwolf

Go to:

Details

  • Created by: zuka      
  • Published on: May 30, 2020
  • Patch: 4.11.0
  • Difficulty: Medium
Show
View Real Time Build Order
Export as new Build Order

Comments (0)

There are no comments. Be the first!

Create an account to comment!